 Dungeon Crawl Stone Soup version 0.28-a0-1190-g77e1c55843 (webtiles) character file.

Game seed: 3623118833039909204

28 greenreed the Vexing (level 3, -2/24 HPs)
             Began as a Demonspawn Enchanter on Dec 18, 2021.
             Splashed by a jelly's acid (8 damage)
             ... on level 2 of the Dungeon.
             The game lasted 00:09:10 (2576 turns).

greenreed the Vexing (Demonspawn Enchanter)         Turns: 2576, Time: 00:09:12

Health: -2/24      AC: -1    Str:  8    XL:     3   Next: 0%
Magic:  2/6        EV: 12    Int: 18    God:
Gold:   131        SH:  0    Dex: 13    Spells: 4/6 levels left

rFire   . . .      SeeInvis .   a - +1 dagger
rCold   . . .      Faith    .   (no shield)
rNeg    . . .      Spirit   .   b - +0 robe
rPois   .          Reflect  .   j - +0 helmet
rElec   .          Harm     .   (no cloak)
rCorr   .          Rampage  .   (no gloves)
Will    .....                   (no boots)
Stlth   ++........              (no amulet)
HPRegen 0.08/turn               h - ring of flight
MPRegen 0.10/turn               (no ring)

@: corroded, flying
A: sturdy frame 1, demonic magic 1
a: no special abilities


You were on level 2 of the Dungeon.
You visited 1 branch of the dungeon, and saw 2 of its levels.

You collected 131 gold pieces.

Inventory:

Hand Weapons
 a - a +1 dagger (weapon)
Armour
 b - a +0 robe (worn)
 j - a +0 helmet (worn)
 k - a +0 ring mail
Jewellery
 h - a ring of flight (left hand)
Scrolls
 e - a scroll of noise {unknown}
 f - 2 scrolls of immolation {unknown}
 g - 2 scrolls of blinking {unknown}
Potions
 c - a potion of invisibility
 d - a potion of cancellation {unknown}
 i - a potion of mutation {unknown}


   Skills:
 + Level 0.2 Fighting
 + Level 1.1 Short Blades
 + Level 2.0 Dodging
 + Level 3.1 Stealth
 + Level 2.2 Spellcasting
 + Level 3.2 Hexes
 + Level 0.2 Ice Magic


You had 4 spell levels left.
You knew the following spells:

 Your Spells              Type           Power      Damage    Failure   Level
a - Ensorcelled Hibernat  Hex/Ice        16%        N/A       13%         2

Your spell library contained the following spells:

 Spells                   Type           Power      Damage    Failure   Level
 Confusing Touch          Hex            13%        N/A       14%         3
 Tukima's Dance           Hex            13%        N/A       14%         3
 Shock                    Conj/Air       4%         1d3       19%         1
 Sublimation of Blood     Necr           1%         N/A       26%         2
 Dazzling Flash           Conj/Hex       14%        N/A       26%         3
 Swiftness                Air            1%         N/A       47%         3
 Airstrike                Air            0%         N/A       87%         4
 Petrify                  Tmut/Erth      1%         N/A       87%         4
 Irradiate                Conj/Tmut      0%         3d13      99%         5


Dungeon Overview and Level Annotations

Branches:
Dungeon (2/15)

Altars:


Innate Abilities, Weirdness & Mutations

Your movements are slightly less encumbered by armour. (ER -2)
Spells you cast may paralyse adjacent enemies.


Message History

You fly upwards.
There is a stone staircase leading down here.
You start resting.
Magic restored.
You start resting.
HP restored.
There is a stone staircase leading down here.
You fly downwards.
The jelly hits you but does no damage. The jelly barely misses you.
There is a stone staircase leading up here.
Casting: Ensorcelled Hibernation (safe; 13% risk of failure)
Confirm with . or Enter, or press ? or * to list all spells.
Aiming: Ensorcelled Hibernation (safe; 13% risk of failure)
Press: ? - help, Shift-Dir - straight line, f - jelly
Aim: a jelly (chance to affect: 49%)
The jelly resists with some effort.
Malevolent energies surge around you. The jelly barely misses you.
Casting: Ensorcelled Hibernation (safe; 13% risk of failure)
Confirm with . or Enter, or press ? or * to list all spells.
Aiming: Ensorcelled Hibernation (safe; 13% risk of failure)
Press: ? - help, Shift-Dir - straight line, f/p - jelly
Aim: a jelly (chance to affect: 49%)
The jelly resists with some effort.
Malevolent energies surge around you. The jelly completely misses you.
Casting: Ensorcelled Hibernation (safe; 13% risk of failure)
Confirm with . or Enter, or press ? or * to list all spells.
Aiming: Ensorcelled Hibernation (safe; 13% risk of failure)
Press: ? - help, Shift-Dir - straight line, f/p - jelly
Aim: a jelly (chance to affect: 49%)
The jelly resists with some effort.
Malevolent energies surge around you. The jelly hits you.
You are splashed with acid!
The jelly closely misses you. The jelly hits you.
You are splashed with acid!
* * * LOW HITPOINT WARNING * * *
There is a stone staircase leading up here.
You can't go down here!
The jelly hits you.
* * * LOW HITPOINT WARNING * * *
The acid corrodes you!
You are splashed with acid!
You die...

# #### .##
##....# ....
......# ...#
#....# ...#
###....## ...#
#.......# ...#
#.....#.######
...#
#.....#...J@.#
..#
#............#
.##
###.###......#
##
#.###......###
#............##
#..##......#..#
#..##########.##
### ##..######
#..###### ).#
#.........
#.......#


You could see a jelly.

Vanquished Creatures
  A dart slug (D:2)
  An orc (D:2)
  4 ball pythons
  An endoplasm (D:1)
  A giant cockroach (D:1)
  3 goblins
  5 hobgoblins
  3 bats
  A frilled lizard (D:2)
  3 kobolds (D:1)
  A rat (D:1)
24 creatures vanquished.

Notes
Turn   | Place    | Note
-------+----------+-------------------------------------------
     0 | D:1      | greenreed the Demonspawn Enchanter began the quest for the
                  | Orb.
     0 | D:1      | Reached XP level 1. HP: 13/13 MP: 3/3
   649 | D:1      | Gained mutation: Spells you cast may paralyse adjacent
                  | enemies. [demonic ancestry]
   649 | D:1      | Reached XP level 2. HP: 8/19 MP: 5/5
  1109 | D:1      | Learned a level 2 spell: Ensorcelled Hibernation
  1782 | D:1      | Reached skill level 1 in Short Blades
  2090 | D:2      | Found a faded altar of an unknown god.
  2238 | D:2      | Gained mutation: Your movements are slightly less
                  | encumbered by armour. (ER -2) [demonic ancestry]
  2238 | D:2      | Reached XP level 3. HP: 24/24 MP: 1/6
  2576 | D:2      | Splashed by a jelly's acid

Illustrated notes

Levels and vault maps discovered:
D:1:      dpeg_arrival_short_road, layout_loops_corners,
          amcnicky_mini_rare_corridor_liquid, minmay_fountain_box
D:2:      layout_rooms, hellmonk_ecumenical_altar_lost_god,
          corexii_item_surrounded_by_moat

Skill      XL: |  1  2 |
---------------+-------+-----
Dodging        | 2 |  2.0
Stealth        | 3 |  3.1
Short Blades   | 1 |  1.1
Fighting       | |  0.2
Spellcasting   | |  2.2
Hexes          | |  3.2
Ice Magic      | |  0.2

Action                   || total
-------------------------++-------
Melee: Dagger            ||    85
 Cast: Ensorcelled Hiber ||    19
 Stab: Sleeping          ||    11
       Paralysed         ||     1
Armor: Robe              ||    22
Dodge: Dodged            ||    50

Table legend: (Time is in decaauts)
 A = Elapsed time spent in this place.
 B = Non-inter-level travel time spent in this place.
 C = Inter-level travel time spent in this place.
 D = Time resting spent in this place.
 E = Time spent auto-exploring this place.
 F = Levels seen in this place.
 G = Mean time per level.
                   A        B        C        D        E       F      G
               +--------+--------+--------+--------+--------+-----+--------+
         Total |   2575 |   2490 |     85 |    930 |   1146 |   2 | 1287.5 |
       Dungeon |   2575 |   2490 |     85 |    930 |   1146 |   2 | 1287.5 |
               +--------+--------+--------+--------+--------+-----+--------+

Top non-repeatable levels by time:
     D:1: 1964 daAuts
     D:2: 611 daAuts
